 Dungeon Crawl Stone Soup version 0.31.0-12-g77e489cdc1 (webtiles) character file.

Game seed: 11220248798933596012

40584 Curundu the Severer (level 13, -2/187 HPs)
             Began as a Minotaur Berserker on Mar 7, 2024.
             Was an Elder of Trog.
             Slain by a quicksilver dragon zombie (6 damage)
             ... on level 15 of the Dungeon.
             The game lasted 00:54:51 (17082 turns).

Curundu the Severer (Minotaur Berserker)           Turns: 17082, Time: 00:54:52

Health: -2/187     AC: 25    Str: 27    XL:     13   Next: 75%
Magic:  12/12      EV: 10    Int:  4    God:    Trog [****..]
Gold:   1176       SH:  9    Dex: 10    Spells: 12/12 levels left

rFire   . . .        o - +2 broad axe
rCold   . . .        I - +0 buckler
rNeg    . . .        e - +2 plate armour
rPois   +            (helmet restricted)
rElec   .            J - +0 cloak
rCorr   .            (no gloves)
SInv    .            r - +1 pair of boots
Will    ++...        x - amulet of reflection Stlth
                     u - ring of poison resistance
HPRegen 1.51/turn    a - +4 ring of protection
MPRegen 0.13/turn

%: reflection
@: berserking (expiring), strong-willed (expiring), regenerating (expiring),
studying Throwing, very quick
A: horns 2, retaliatory headbutt
a: Renounce Religion, Berserk, Trog's Hand, Brothers in Arms


You were on level 15 of the Dungeon.
You worshipped Trog.
Trog was greatly pleased with you.
You visited 1 branch of the dungeon, and saw 15 of its levels.

You collected 1176 gold pieces.

Inventory:

Hand Weapons
 o - a +2 broad axe (weapon)
 K - a +0 long sword of flaming
Missiles
 j - 3 throwing nets
 n - 15 boomerangs (quivered)
 A - 5 javelins
Armour
 e - a +2 plate armour (worn)
 r - a +1 pair of boots (worn)
 C - a scarf of invisibility
 I - a +0 buckler (worn)
 J - a +0 cloak (worn)
Jewellery
 a - a +4 ring of protection (right hand)
 u - a ring of poison resistance (left hand)
 w - a ring of protection from fire
 x - an amulet of reflection (around neck)
 y - a +4 ring of protection
 F - an amulet of regeneration
Wands
 i - a wand of paralysis (16)
 t - a wand of polymorph (9)
 v - a wand of iceblast (13)
 D - a wand of flame (7)
Scrolls
 c - 4 scrolls of identify
 f - a scroll of summoning
 g - a scroll of blinking
 l - 3 scrolls of revelation
 p - a scroll of immolation
 q - 3 scrolls of teleportation
 B - a scroll of fog
 E - a scroll of fear
Potions
 b - 7 potions of curing
 d - a potion of might
 h - 4 potions of lignification
 k - 4 potions of ambrosia
 m - 4 potions of heal wounds
 s - a potion of haste
 z - a potion of enlightenment
 G - a potion of mutation {unknown}
 H - 2 potions of resistance


   Skills:
 * Level 14.7 Fighting
 + Level 1.0 Long Blades
 * Level 17.6 Axes
 - Level 7.4 Staves
 + Level 11.8 Armour
 * Level 10.2 Dodging
 - Level 0.5 Stealth
 * Level 3.0 Shields


You had 12 spell levels left.
You didn't know any spells.
Your spell library was empty.

Dungeon Overview and Level Annotations

Branches:
Dungeon (15/15)            Temple (0/1) D:5            Lair (0/5) D:9
    Orc (0/2) D:12         Vaults (0/5) D:14
 Depths: D:15

Altars:
Ashenzari
Fedhas
Hepliaklqana
Makhleb
Okawaru
Qazlal
Ru
Trog
Uskayaw
Yredelemnul
The Shining One

Shops:
D:8 =:(   D:11 *   D:13 =

Annotations:
D:8 3 runed translucent doors, middlethird's ghost, novice VSCj


Innate Abilities, Weirdness & Mutations

You have a pair of horns on your head.
You reflexively headbutt those who attack you in melee.


Message History

You completely miss the quicksilver dragon zombie.
The quicksilver dragon zombie is heavily damaged.
You closely miss the quicksilver dragon zombie.
The quicksilver dragon zombie bites you.
* * * LOW HITPOINT WARNING * * *
The quicksilver dragon zombie claws you.
* * * LOW HITPOINT WARNING * * *
You block the quicksilver dragon zombie's attack.
The quicksilver dragon zombie claws you but does no damage.
You barely miss the quicksilver dragon zombie.
Your headbutt misses the quicksilver dragon zombie.
The quicksilver dragon zombie is heavily damaged.
You slash the quicksilver dragon zombie!
The quicksilver dragon zombie bites you.
* * * LOW HITPOINT WARNING * * *
The quicksilver dragon zombie claws you but does no damage.
You slice the quicksilver dragon zombie!!
The quicksilver dragon zombie is severely damaged.
You hit the quicksilver dragon zombie.
The quicksilver dragon zombie bites you but does no damage.
The quicksilver dragon zombie claws you.
* * * LOW HITPOINT WARNING * * *
You slash the quicksilver dragon zombie!
The quicksilver dragon zombie is severely damaged.
You closely miss the quicksilver dragon zombie.
You block the quicksilver dragon zombie's attack.
The quicksilver dragon zombie claws you but does no damage.
The quicksilver dragon zombie bites you but does no damage.
You block the quicksilver dragon zombie's attack.
You barely miss the quicksilver dragon zombie.
The quicksilver dragon zombie is severely damaged.
You slash the quicksilver dragon zombie!
You block the quicksilver dragon zombie's attack. x2
You completely miss the quicksilver dragon zombie.
You headbutt the quicksilver dragon zombie.
The quicksilver dragon zombie is severely damaged.
You barely miss the quicksilver dragon zombie.
The quicksilver dragon zombie bites you but does no damage.
The quicksilver dragon zombie claws you.
You die...

............# ......P8..P.#
.8.....88... ..PP.......
.........8 .........###
......ZZ##.###
[...............@.....#
.?...................##
.....................#
..........##.........#
.................##..#
................###..##
................###...# .
.......<.........##...## #..
...................#...#....


You could see 2 quicksilver dragon zombies.

Vanquished Creatures
  4 vault guards (D:14)
  3 hydras
  A sphinx zombie (D:15)
  Harold (D:10)
  An ogre mage (D:13)
  2 catoblepae
  The ghost of seawaffle the Mimic, a novice TrSh of the Shining One (D:9)
  3 centaur warriors
  9 two-headed ogres
  2 boulder beetles
  Urug (D:10)
  Sonja (D:13)
  5 skeletal warriors
  The ghost of Scrunko the Ducker, a novice DjFE of Ashenzari (D:9)
  2 ugly things
  5 cyclopes
  2 manticores
  A gargoyle (D:6)
  2 unseen horrors
  2 komodo dragons (D:11)
  2 yaktaurs (D:15)
  Maggie (D:6)
  3 tengu conjurers
  4 trolls
  2 hornets
  A raiju (shapeshifter) (D:14)
  7 slime creatures
  A shadow (D:9)
  A wraith (D:9)
  19 yaks
  Grum (D:8)
  7 vampire mosquitoes
  5 steam dragons
  A basilisk (D:14)
  2 acid dragons
  4 water moccasins
  Duvessa (D:7)
  8 orc warriors
  2 ice beasts
  A sky beast (D:7)
  5 ogres
  12 centaurs
  2 wolves (D:8)
  5 bullfrogs
  4 kobold brigands
  3 scorpions
  Dowan (D:7)
  26 killer bees
  6 electric eels (D:10)
  5 howler monkeys
  A bombardier beetle (D:6)
  3 hounds
  3 orc priests
  A sleepcap (D:8)
  Crazy Yiuf (D:3)
  2 gnoll boudas
  7 orc wizards
  5 iguanas
  13 gnolls
  17 adders
  A dart slug (D:1)
  4 ribbon worms
  52 orcs
  4 endoplasms
  4 giant cockroaches
  6 goblins
  6 hobgoblins
  5 jackals
  23 kobolds
  A quokka (D:5)
  9 ball pythons
  5 bats
  8 frilled lizards
  8 rats
380 creatures vanquished.

Vanquished Creatures (others)
  An orc zombie (D:5)
1 creature vanquished.

Grand Total: 381 creatures vanquished

Notes
Turn   | Place    | Note
-------+----------+-------------------------------------------
     0 | D:1      | Curundu the Minotaur Berserker began the quest for the Orb.
     0 | D:1      | Reached XP level 1. HP: 19/19 MP: 0/0
   330 | D:1      | Reached XP level 2. HP: 23/27 MP: 1/1
   362 | D:1      | Reached skill level 4 in Axes
   510 | D:1      | Reached ** piety under Trog
   728 | D:2      | Reached XP level 3. HP: 33/33 MP: 2/2
  1171 | D:2      | Reached XP level 4. HP: 39/41 MP: 3/3
  1669 | D:3      | Found a faded altar of an unknown god.
  1676 | D:3      | Reached skill level 5 in Axes
  1827 | D:3      | Reached XP level 5. HP: 44/47 MP: 4/4
  1870 | D:3      | Reached *** piety under Trog
  1954 | D:3      | Found a runed translucent door.
  1955 | D:3      | Noticed Crazy Yiuf
  1969 | D:3      | Killed Crazy Yiuf
  1970 | D:3      | Reached skill level 5 in Fighting
  2437 | D:3      | Found an iron altar of Okawaru.
  2617 | D:3      | Found a blossoming altar of Fedhas.
  2619 | D:3      | Found a burning altar of Makhleb.
  2620 | D:3      | Found a sacrificial altar of Ru.
  2894 | D:4      | Identified the +9 dagger "Louclapt" {flame, rF+}
  2993 | D:4      | Reached XP level 6. HP: 56/56 MP: 5/5
  3112 | D:4      | Reached skill level 1 in Staves
  3461 | D:5      | Entered Level 5 of the Dungeon
  3591 | D:5      | Reached XP level 7. HP: 8/62 MP: 6/6
  3884 | D:5      | Reached skill level 5 in Armour
  3922 | D:5      | Found a staircase to the Ecumenical Temple.
  4021 | D:5      | Identified the +1 halberd of Amidutz {protect, rCorr Int+4
                  | Dex+2}
  4405 | D:6      | Noticed a yak
  4413 | D:6      | Killed a yak
  4414 | D:6      | Noticed a yak
  4416 | D:6      | Noticed a yak
  4417 | D:6      | Reached XP level 8. HP: 27/71 MP: 7/7
  4677 | D:6      | Noticed a gargoyle
  4681 | D:6      | Reached skill level 5 in Staves
  4693 | D:5      | Reached skill level 5 in Dodging
  4797 | D:6      | Killed a gargoyle
  4798 | D:6      | Reached XP level 9. HP: 77/81 MP: 8/8
  5047 | D:6      | Reached skill level 6 in Axes
  5149 | D:6      | Reached **** piety under Trog
  5150 | D:6      | Found a hazy altar of Hepliaklqana.
  5174 | D:6      | Noticed Maggie
  5185 | D:6      | Killed Maggie
  5590 | D:7      | Reached skill level 7 in Axes
  5704 | D:7      | Found a stormy altar of Qazlal.
  5704 | D:7      | Found a bloodstained altar of Trog.
  5719 | D:7      | Found a glowing golden altar of the Shining One.
  5724 | D:7      | Found a broken altar of Ashenzari.
  5810 | D:7      | Noticed Duvessa
  5810 | D:7      | Noticed Dowan
  5815 | D:7      | Killed Duvessa
  5816 | D:7      | Killed Dowan
  5817 | D:7      | Reached skill level 8 in Axes
  6073 | D:7      | Identified the +1 robe of Philately {*Slow +Blink Regen+
                  | MP-9}
  6235 | D:8      | Found Fyofos's Antique Weapon Shop.
  6235 | D:8      | Found Becraeg's Book Shop.
  6235 | D:8      | Found Xedup's Jewellery Shop.
  6453 | D:8      | Noticed a two-headed ogre
  6465 | D:8      | Killed a two-headed ogre
  6466 | D:8      | Reached skill level 9 in Axes
  6466 | D:8      | Reached XP level 10. HP: 87/93 MP: 9/9
  6583 | D:8      | Found a basalt altar of Yredelemnul.
  6706 | D:8      | Reached skill level 10 in Fighting
  7250 | D:8      | Reached skill level 10 in Axes
  7461 | D:8      | Noticed Grum
  7479 | D:8      | Killed Grum
  7692 | D:8      | Found a runed translucent gate.
  7694 | D:8      | Found a runed translucent gate.
  7695 | D:8      | Found a runed translucent gate.
  7696 | D:8      | Noticed a ten-headed hydra
  7697 | D:8      | Noticed middlethird's ghost (novice VSCj)
  8092 | D:9      | Found a staircase to the Lair.
  8223 | D:9      | Reached ***** piety under Trog
  8515 | D:9      | Reached skill level 11 in Axes
  8896 | D:9      | Identified the ring "Colast" {rPois rF+ Str-4 Int+3}
  8968 | D:9      | Reached XP level 11. HP: 99/101 MP: 10/10
  9357 | D:9      | Found a runed translucent gate.
  9358 | D:9      | Found a runed translucent gate.
  9358 | D:9      | Noticed Scrunko's ghost (novice DjFE)
  9359 | D:9      | Found a runed translucent gate.
  9360 | D:9      | Noticed seawaffle's ghost (novice TrSh)
  9447 | D:9      | Killed Scrunko's ghost
  9448 | D:9      | Reached skill level 12 in Axes
  9451 | D:9      | Killed seawaffle's ghost
  9560 | D:10     | Entered Level 10 of the Dungeon
 10369 | D:10     | Noticed a two-headed ogre
 10373 | D:10     | Killed a two-headed ogre
 10438 | D:10     | Noticed Harold
 10445 | D:10     | Killed Harold
 10446 | D:10     | Reached skill level 13 in Axes
 10802 | D:10     | Noticed Urug
 10805 | D:10     | Noticed a two-headed ogre
 10807 | D:10     | Killed Urug
 10808 | D:10     | Noticed a +0 spear
 10808 | D:10     | Noticed a +0 dagger
 10809 | D:10     | Noticed a +0 falchion
 10810 | D:10     | Noticed a +0 short sword
 10810 | D:10     | Noticed a +0 dagger
 10812 | D:10     | Killed a two-headed ogre
 10812 | D:10     | Noticed a +0 spear
 10823 | D:10     | Noticed a +0 falchion
 10824 | D:10     | Noticed a +0 short sword
 10833 | D:10     | Found a hide-covered altar of Uskayaw.
 10910 | D:10     | You fall into a shaft and drop 1 floor!
 11473 | D:11     | Reached skill level 14 in Axes
 11656 | D:11     | Noticed a two-headed ogre
 11665 | D:11     | Killed a two-headed ogre
 11666 | D:11     | Reached skill level 10 in Armour
 11666 | D:11     | Reached XP level 12. HP: 107/112 MP: 11/11
 11678 | D:11     | Found Wyrphadd's Serpentskin Sales.
 12537 | D:12     | Reached skill level 15 in Axes
 13065 | D:12     | Found a staircase to the Orcish Mines.
 13578 | D:13     | Noticed Sonja
 13597 | D:13     | Identified the +1 leather armour of Yreyca {rF+}
 13617 | D:13     | Killed Sonja
 13693 | D:13     | Noticed an eight-headed hydra
 13705 | D:13     | Killed a 14-headed hydra
 13794 | D:13     | Noticed a centaur warrior
 13807 | D:13     | Killed a centaur warrior
 13816 | D:13     | Noticed a catoblepas
 13840 | D:13     | Killed a catoblepas
 14230 | D:13     | Noticed a two-headed ogre
 14237 | D:13     | Killed a two-headed ogre
 14238 | D:13     | Reached skill level 16 in Axes
 14301 | D:13     | Found Guig's Jewellery Boutique.
 14516 | D:13     | Noticed a boulder beetle
 14540 | D:13     | Killed a boulder beetle
 14598 | D:13     | Noticed a two-headed ogre
 14598 | D:13     | Noticed a two-headed ogre
 14599 | D:13     | Noticed a centaur warrior
 14602 | D:13     | Noticed a two-headed ogre
 14615 | D:13     | Killed a two-headed ogre
 14617 | D:13     | Noticed an ogre mage
 14622 | D:13     | Killed a two-headed ogre
 14626 | D:13     | Reached XP level 13. HP: 41/122 MP: 12/12
 15344 | D:14     | Reached skill level 17 in Axes
 15344 | D:14     | Reached skill level 1 in Shields
 16039 | D:14     | Found a gate to the Vaults.
 16065 | D:14     | Reached skill level 10 in Dodging
 16537 | D:15     | Entered Level 15 of the Dungeon
 17075 | D:15     | Reached skill level 1 in Long Blades
 17077 | D:15     | HP: 6/187 [quicksilver dragon zombie (4)]
 17079 | D:15     | HP: 2/187 [quicksilver dragon zombie (4)]
 17082 | D:15     | Slain by a quicksilver dragon zombie

Illustrated notes

Levels and vault maps discovered:
D:1:      minmay_arrival_wavy_path, layout_rooms, nrook_mini_backslash
D:2:      layout_basic
D:3:      layout_basic, mainiacjoe_overflow_alcove_3,
          dreamdust_ecumenical_altar_grove, kennysheep_path_1,
          minmay_misc_feat_doors, minivault_23, kennysheep_generic_room_14,
          uniq_crazy_yiuf_cottage
D:4:      layout_basic, minmay_misc_feat_ornament, dreamdust_princess_bridge
D:5:      layout_gridville, minmay_temple_entry_mini_moons, serial_bayou_pond_d,
          nrook_mini_vaults, minmay_misc_feat_square
D:6:      layout_rooms, lemuel_crystal_altar, uniq_maggie
D:7:      layout_loops_cross, nicolae_overflow_macrodata_refinement,
          minmay_misc_feat_four_crosses, uniq_duvessa
D:8:      layout_rooms, lemuel_doored_altar, gammafunk_ghost_hydra_chop,
          nicolae_shop_distant_corner_stores, kennysheep_generic_room_6,
          uniq_grum
D:9:      minmay_clustersquares, layout_basic, special_room [special_room_orc],
          gammafunk_ghost_cemetery, hangedman_decor_opposing
D:10:     layout_basic, nicolae_uskayaw_en_pointe, uniq_harold, uniq_urug
D:11:     layout_roguey, guppyfry_shop_venom
D:12:     layout_cave_pools, david_orc_2
D:13:     layout_irregular_city, serial_shops, nicolae_shop_gaudy_bauble,
          lemuel_flame_loot_1, uniq_sonja
D:14:     layout_cave_pools, lightli_vaults_fourway_checkpoint
D:15:     gammafunk_depths_entry_grave, layout_cave_pools,
          chequers_decorated_corner, kennysheep_doodads, uniq_rupert, uniq_kirke

Skill      XL: |  1  2  3  4  5  6  7  8  9 10 11 12 13 |
---------------+----------------------------------------+-----
Fighting       | 4 5 6 8 9 10 12 13 14 | 14.7
Axes           | 4 5 9 11 14 16 17 | 17.6
Armour         | 3 4 5 6 7 8 10 11 | 11.8
Staves         | 2 4 7 |  7.4
Dodging        | 3 4 5 6 7 8 9 10 | 10.2
Shields        | 3 |  3.0
Long Blades    | 1 |  1.0
Stealth        | |  0.5

Action                     |  1- 3 |  4- 6 |  7- 9 | 10-12 | 13-15 || total
---------------------------+-------+-------+-------+-------+-------++-------
  Melee: Hand axe          |    68 |    62 |       |       |       ||   130
         Headbutt          |     7 |    18 |    23 |   136 |    59 ||   243
         Quarterstaff      |       |    65 |    78 |       |       ||   143
         Broad axe         |       |       |    79 |   553 |   176 ||   808
         Punch             |       |       |     1 |     3 |       ||     4
         Long sword        |       |       |       |       |     9 ||     9
 Invoke: Berserk           |       |     2 |     5 |    12 |     3 ||    22
         Trog's Hand       |       |     1 |     3 |    13 |     5 ||    22
    Use: Scroll            |       |    17 |     2 |     9 |     4 ||    32
         Potion            |       |     1 |       |     1 |       ||     2
   Stab: Petrified         |       |       |       |       |     8 ||     8
 Armour: Animal skin       |    11 |       |       |       |       ||    11
         Plate armour      |    55 |   134 |   164 |   796 |   234 ||  1383
  Dodge: Dodged            |    33 |    53 |    77 |   347 |    81 ||   591
  Block: Buckler           |       |       |       |     7 |    44 ||    51
         Reflection        |       |       |       |       |     6 ||     6
